Penguins vs Sabres

Created - March 17, 2017 at 17:36

Goals
1 2 3 T
Penguins 2 0 0 2
Sabres 1 1 1 3
Shots
1 2 3 T
Penguins 10 10 4 24
Sabres 7 16 6 29

1st period

1. Penguins , Jakub Voracek 11 (Brandon Saad, Mark Barberio) at 6:45
2. Sabres , Brian Campbell 7 (Patrick Eaves, Ryan Nugent-Hopkins) at 8:26 (PP)
3. Penguins , David Perron 13 (Mark Giordano, David Savard) at 10:55

Penalties :
David Savard (PIT) for Hooking (Minor) at 7:01, Victor Hedman (PIT) for High sticking (Minor) at 12:56, Patrick Eaves (BUF) for Holding (Minor) at 16:57, Brandon Saad (PIT) for Holding (Minor) at 19:53

2nd period

4. Sabres , Rasmus Ristolainen 11 (Nino Niederreiter, Kyle Turris) at 5:40

Penalties :
Ryan Suter (PIT) for Roughing (Minor) at 7:21

3rd period

5. Sabres , Bo Horvat 25 (Jake McCabe) at 14:05

Penalties :
Rasmus Ristolainen (BUF) for Slashing (Minor) at 0:40, Olli Maatta (PIT) for Interference (Minor) at 17:49

Goalie Stats

Ben Bishop (PIT), 26 saves from 29 shots - (0.897), L, 22-27-7, 60:00 minutes
Thomas Greiss (BUF), 22 saves from 24 shots - (0.917), W, 10-8-2, 60:00 minutes

Players Stats for Penguins

Player Name              G  A  P  +/- PIM S  H  SB GA TA FO     MP     PP MP  PK MP  
------------------------------------------------------------------------------------
Alexander Wennberg       0  0  0  -1  0   1  1  0  0  0  5/19   17:38   1:58   0:00 
Brandon Saad             0  1  1   1  2   2  0  0  0  0  0/1    18:19   2:00   0:20 
David Perron             1  0  1   0  0   3  1  0  0  0  0/0    10:56   0:00   0:00 
David Savard             0  1  1   0  2   2  1  2  0  0  0/0    22:30   1:59   4:14 
Jakub Voracek            1  0  1   1  0   3  0  0  0  0  1/1    18:11   2:00   0:00 
Luke Glendening          0  0  0   0  0   2  1  0  0  0  19/24  16:56   0:00   6:00 
Mark Barberio            0  1  1   1  0   1  0  1  0  0  0/0    14:30   0:00   2:01 
Mark Giordano            0  1  1   0  0   0  1  0  0  0  0/0    23:05   1:59   5:41 
Nathan MacKinnon         0  0  0  -1  0   3  0  0  0  0  0/1    17:58   1:58   0:09 
Oliver Bjorkstrand       0  0  0   0  0   2  0  0  0  0  0/1    10:56   0:00   0:00 
Olli Maatta              0  0  0   1  2   0  0  0  0  0  0/0    12:40   0:00   0:12 
Pascal Dupuis            0  0  0   0  0   0  0  0  0  0  1/6     9:43   0:00   5:49 
Phil Kessel              0  0  0  -1  0   1  0  0  0  0  1/2    17:49   1:58   0:00 
Ryan Callahan            0  0  0   0  0   0  1  0  0  0  1/4     7:06   0:00   3:12 
Ryan Carter              0  0  0   0  0   0  0  1  0  0  0/0     7:06   0:00   3:12 
Ryan Suter               0  0  0  -1  2   1  2  2  0  0  0/0    24:17   1:59   3:32 
Victor Hedman            0  0  0  -1  2   0  1  4  0  0  0/0    22:54   1:59   3:02 
William Nylander         0  0  0   1  0   3  1  0  0  0  5/21   18:00   2:00   0:00 

Players Stats for Sabres

Player Name              G  A  P  +/- PIM S  H  SB GA TA FO     MP     PP MP  PK MP  
------------------------------------------------------------------------------------
Anders Lee               0  0  0   1  0   3  3  0  0  0  0/0    21:34   5:04   0:19 
Bo Horvat                1  0  1   0  0   2  0  0  0  0  7/11   12:30   0:00   1:09 
Brett Connolly           0  0  0   0  0   2  0  1  0  0  0/0     6:47   0:11   0:00 
Brian Campbell           1  0  1  -1  0   1  0  0  0  0  0/0    19:35   3:34   2:02 
Cody Franson             0  0  0  -1  0   0  3  0  0  0  0/0    19:35   3:34   2:02 
Dan Girardi              0  0  0   1  0   1  1  0  0  0  0/0    25:00   5:47   1:56 
Jake McCabe              0  1  1   0  0   0  0  2  0  0  0/0    15:43   0:00   0:18 
Jason Zucker             0  0  0  -1  0   4  0  0  0  0  0/1    17:40   3:58   1:09 
Kris Versteeg            0  0  0   0  0   2  0  0  0  0  0/0    11:10   0:00   0:00 
Kyle Turris              0  1  1   1  0   4  1  0  0  0  19/33  23:52   5:12   2:18 
Lars Eller               0  0  0   0  0   0  0  0  0  0  0/0     6:55   0:19   0:00 
Nino Niederreiter        0  1  1   1  0   2  1  0  0  0  1/1    21:23   5:12   0:00 
Patrick Eaves            0  1  1  -1  2   0  2  0  0  0  1/3    17:01   3:58   0:31 
Rasmus Ristolainen       1  0  1   1  2   2  2  1  0  0  0/0    24:17   5:47   1:03 
Ryan Nugent-Hopkins      0  1  1  -1  0   5  1  0  0  0  13/21  19:23   4:09   2:30 
Seth Helgeson            0  0  0   0  0   0  0  0  0  0  0/0    15:49   0:00   0:35 
Thomas Vanek             0  0  0   0  0   0  0  0  0  0  0/1    11:10   0:00   0:00 
Zach Hyman               0  0  0   0  0   1  0  0  0  0  6/9     6:36   0:00   0:00 

3 Stars

1 - Jakub Voracek (PIT)
2 - Rasmus Ristolainen (BUF)
3 - David Perron (PIT)

Power Play

Penguins - 0 on 2 Attempt(s) - 0.00%
Sabres - 1 on 5 Attempt(s) - 20.00%

Penalty Kill

Penguins - 4 on 5 Attempt(s) - 80.00% - Score 0 goal in Penalty Kill
Sabres - 2 on 2 Attempt(s) - 100.00% - Score 0 goal in Penalty Kill

Team Stat

Penguins - Hits : 10 - Faceoff Wins : 33 - Blocked Shots : 10 - Penalty Minutes : 10
Sabres - Hits : 14 - Faceoff Wins : 47 - Blocked Shots : 4 - Penalty Minutes : 4

Official

Referees : Mark Lemelin and Dan O'Halloran
Linesman : Matt MacPherson and Brian Mach

Game Notes

No Game Note

Finance

Level 1 -- Attendance: 5980 (92.00%) -- Ticket Income $532,220
Level 2 -- Attendance: 4652 (93.04%) -- Ticket Income $362,856
Level 3 -- Attendance: 3489 (99.69%) -- Ticket Income $136,071
Level 4 -- Attendance: 2722 (88.66%) -- Ticket Income $51,718
Luxury Box -- Attendance: 1000 (100.00%) -- Ticket Income $189,000
Game was played at the First Niagara Center.
Total Attendance: 17843 (93.57%)
Total Ticket Income: $1,271,865
Other Income: $190,780
Total Income: $1,462,645

% Time on Ice - Penguins

Lines # - Real PCT - Wanted PCT - Time Play
Normal Forward
1 - 34% - 33% - 15:40
2 - 34% - 33% - 16:00
3 - 24% - 24% - 10:56
4 - 8% - 10% - 3:54
Normal Defense
1 - 38% - 40% - 17:43
2 - 33% - 35% - 15:25
3 - 27% - 25% - 12:29
4 - 2% - 0% - 0:53
PP Forward
1 - 50% - 60% - 1:58
2 - 50% - 40% - 2:00
PP Defense
1 - 50% - 60% - 1:59
2 - 50% - 40% - 1:59
PK Forward
1 - 66% - 60% - 6:09
2 - 34% - 40% - 3:12
PK Defense
1 - 60% - 60% - 5:35
2 - 40% - 40% - 3:46
PK3 Forward
1 - 0% - 60%
2 - 0% - 40%
PK3 Defense
1 - 0% - 60%
2 - 0% - 40%
44 Forward
1 - 0% - 60%
2 - 0% - 40%
44 Defense
1 - 0% - 60%
2 - 0% - 40%
Last Minute Offensive  - 0:11
Last Minute Defensive  - 0:00
Total
Forward - 60:00
Defense - 60:00

% Time on Ice - Sabres

Lines # - Real PCT - Wanted PCT - Time Play
Normal Forward
1 - 35% - 40% - 16:11
2 - 27% - 30% - 12:33
3 - 24% - 20% - 11:10
4 - 14% - 10% - 6:36
Normal Defense
1 - 35% - 40% - 16:29
2 - 30% - 30% - 13:59
3 - 33% - 20% - 15:14
4 - 2% - 10% - 0:48
PP Forward
1 - 56% - 60% - 5:12
2 - 44% - 40% - 4:09
PP Defense
1 - 62% - 60% - 5:47
2 - 38% - 40% - 3:34
PK Forward
1 - 71% - 60% - 2:49
2 - 29% - 40% - 1:09
PK Defense
1 - 49% - 60% - 1:56
2 - 51% - 40% - 2:02
PK3 Forward
1 - 0% - 60%
2 - 0% - 40%
PK3 Defense
1 - 0% - 60%
2 - 0% - 40%
44 Forward
1 - 0% - 60%
2 - 0% - 40%
44 Defense
1 - 0% - 60%
2 - 0% - 40%
Last Minute Offensive  - 0:00
Last Minute Defensive  - 0:11
Total
Forward - 60:00
Defense - 60:00

Play by Play

1st period


0:01 of 1st period - Nino Niederreiter wins face-off versus Alexander Wennberg in neutral zone.
0:18 of 1st period - Icing by Dan Girardi.
0:19 of 1st period - Kyle Turris wins face-off versus William Nylander in Sabres zone.
0:26 of 1st period - Off-side.
0:27 of 1st period - Luke Glendening wins face-off versus Ryan Nugent-Hopkins in neutral zone.
0:27 of 1st period - Luke Glendening is hit by Ryan Nugent-Hopkins.
0:43 of 1st period - Shot by Jason Zucker.
0:43 of 1st period - Stopped by Ben Bishop without a rebound.
0:44 of 1st period - Bo Horvat wins face-off versus William Nylander in Penguins zone.
0:47 of 1st period - Shot by Kris Versteeg.
0:47 of 1st period - Stopped by Ben Bishop with a rebound.
1:17 of 1st period - Shot by William Nylander.
1:17 of 1st period - Stopped by Thomas Greiss without a rebound.
1:18 of 1st period - Pascal Dupuis wins face-off versus Zach Hyman in Sabres zone.
2:50 of 1st period - Shot by Nathan MacKinnon.
2:50 of 1st period - Stopped by Thomas Greiss without a rebound.
2:51 of 1st period - Luke Glendening wins face-off versus Ryan Nugent-Hopkins in Sabres zone.
3:04 of 1st period - Shot by Ryan Nugent-Hopkins.
3:04 of 1st period - Stopped by Ben Bishop without a rebound.
3:05 of 1st period - Bo Horvat wins face-off versus William Nylander in Penguins zone.
3:05 of 1st period - Bo Horvat is hit by Mark Giordano.
3:32 of 1st period - Shot by Brandon Saad.
3:32 of 1st period - Deflect By Jakub Voracek.
3:32 of 1st period - Stopped by Thomas Greiss without a rebound.
3:33 of 1st period - Luke Glendening wins face-off versus Ryan Nugent-Hopkins in Sabres zone.
4:08 of 1st period - Shot by Luke Glendening.
4:08 of 1st period - Shot Misses the Net.
4:23 of 1st period - Icing by Brian Campbell.
4:24 of 1st period - Ryan Nugent-Hopkins wins face-off versus Alexander Wennberg in Sabres zone.
4:26 of 1st period - Icing by Jason Zucker.
4:27 of 1st period - Ryan Nugent-Hopkins wins face-off versus Alexander Wennberg in Sabres zone.
5:42 of 1st period - Shot by William Nylander.
5:42 of 1st period - Stopped by Thomas Greiss without a rebound.
5:43 of 1st period - Luke Glendening wins face-off versus Bo Horvat in Sabres zone.
6:43 of 1st period - Shot by Brandon Saad.
6:43 of 1st period - Shot Blocked by Jake McCabe.
6:45 of 1st period - Shot by Jakub Voracek.
6:45 of 1st period - Goal by Jakub Voracek - Penguins : 1 - Sabres : 0.
6:46 of 1st period - Ryan Nugent-Hopkins wins face-off versus Alexander Wennberg in neutral zone.
6:54 of 1st period - Icing by Mark Giordano.
6:55 of 1st period - Patrick Eaves wins face-off versus Nathan MacKinnon in Penguins zone.
7:01 of 1st period - Minor Penalty to David Savard for Hooking.
7:02 of 1st period - Luke Glendening wins face-off versus Kyle Turris in Penguins zone.
7:02 of 1st period - Luke Glendening is hit by Anders Lee.
7:39 of 1st period - Kyle Turris is hit by Ryan Suter and loses puck.
8:08 of 1st period - Shot by Brian Campbell.
8:08 of 1st period - Shot Misses the Net.
8:10 of 1st period - Shot by Cody Franson.
8:10 of 1st period - Shot Misses the Net.
8:22 of 1st period - Shot by Patrick Eaves.
8:22 of 1st period - Shot Misses the Net.
8:24 of 1st period - Shot by Brian Campbell.
8:24 of 1st period - Shot Misses the Net.
8:26 of 1st period - Shot by Brian Campbell.
8:26 of 1st period - Goal by Brian Campbell - Penguins : 1 - Sabres : 1.
8:27 of 1st period - Zach Hyman wins face-off versus William Nylander in neutral zone.
8:30 of 1st period - Shot by Brett Connolly.
8:30 of 1st period - Stopped by Ben Bishop without a rebound.
8:31 of 1st period - Zach Hyman wins face-off versus William Nylander in Penguins zone.
8:34 of 1st period - Shot by Lars Eller.
8:34 of 1st period - Shot Blocked by David Savard.
8:36 of 1st period - Shot by Zach Hyman.
8:36 of 1st period - Shot Misses the Net.
8:38 of 1st period - Shot by Brett Connolly.
8:38 of 1st period - Deflect By Zach Hyman.
8:38 of 1st period - Stopped by Ben Bishop with a rebound.
9:26 of 1st period - Icing by Jake McCabe.
9:27 of 1st period - Alexander Wennberg wins face-off versus Zach Hyman in Sabres zone.
9:28 of 1st period - Shot by Nathan MacKinnon.
9:28 of 1st period - Stopped by Thomas Greiss with a rebound.
9:48 of 1st period - Shot by Alexander Wennberg.
9:48 of 1st period - Shot Misses the Net.
10:16 of 1st period - Icing by Mark Barberio.
10:17 of 1st period - Phil Kessel wins face-off versus Jason Zucker in Penguins zone.
10:17 of 1st period - Phil Kessel is hit by Patrick Eaves.
10:55 of 1st period - Shot by David Perron.
10:55 of 1st period - Goal by David Perron - Penguins : 2 - Sabres : 1.
10:56 of 1st period - Bo Horvat wins face-off versus William Nylander in neutral zone.
11:24 of 1st period - Off-side.
11:25 of 1st period - Kyle Turris wins face-off versus Pascal Dupuis in neutral zone.
12:41 of 1st period - Shot by Jason Zucker.
12:41 of 1st period - Shot Misses the Net.
12:56 of 1st period - Minor Penalty to Victor Hedman for High sticking.
12:57 of 1st period - Ryan Nugent-Hopkins wins face-off versus Luke Glendening in Penguins zone.
13:02 of 1st period - Shot by Ryan Nugent-Hopkins.
13:02 of 1st period - Stopped by Ben Bishop with a rebound.
13:57 of 1st period - Shot by Ryan Carter.
13:57 of 1st period - Shot Misses the Net.
14:22 of 1st period - Icing by Brian Campbell.
14:23 of 1st period - Luke Glendening wins face-off versus Ryan Nugent-Hopkins in Sabres zone.
14:26 of 1st period - Shot by Luke Glendening.
14:26 of 1st period - Stopped by Thomas Greiss without a rebound.
14:27 of 1st period - Ryan Callahan wins face-off versus Patrick Eaves in Sabres zone.
15:20 of 1st period - Shot by William Nylander.
15:20 of 1st period - Deflect By Jakub Voracek.
15:20 of 1st period - Stopped by Thomas Greiss without a rebound.
15:21 of 1st period - Alexander Wennberg wins face-off versus Kyle Turris in Sabres zone.
15:25 of 1st period - Icing by Seth Helgeson.
15:26 of 1st period - Kyle Turris wins face-off versus Alexander Wennberg in Sabres zone.
15:31 of 1st period - Victor Hedman is hit by Kyle Turris and loses puck.
15:45 of 1st period - Icing by Jake McCabe.
15:46 of 1st period - Kyle Turris wins face-off versus William Nylander in Sabres zone.
16:23 of 1st period - Shot by Brandon Saad.
16:23 of 1st period - Stopped by Thomas Greiss without a rebound.
16:24 of 1st period - Ryan Nugent-Hopkins wins face-off versus Luke Glendening in Sabres zone.
16:33 of 1st period - Oliver Bjorkstrand is hit by Dan Girardi and loses puck.
16:37 of 1st period - Icing by Dan Girardi.
16:38 of 1st period - Ryan Nugent-Hopkins wins face-off versus Alexander Wennberg in Sabres zone.
16:53 of 1st period - Nathan MacKinnon is hit by Rasmus Ristolainen and loses puck.
16:57 of 1st period - Minor Penalty to Patrick Eaves for Holding.
16:58 of 1st period - Kyle Turris wins face-off versus William Nylander in Sabres zone.
18:01 of 1st period - Icing by David Savard.
18:02 of 1st period - Kyle Turris wins face-off versus Alexander Wennberg in Penguins zone.
18:19 of 1st period - Shot by Nathan MacKinnon.
18:19 of 1st period - Shot Misses the Net.
18:21 of 1st period - Shot by Nathan MacKinnon.
18:21 of 1st period - Deflect By Phil Kessel.
18:21 of 1st period - Shot Misses the Net.
18:23 of 1st period - Shot by Mark Giordano.
18:23 of 1st period - Shot Misses the Net.
19:01 of 1st period - Shot by Thomas Vanek.
19:01 of 1st period - Shot Misses the Net.
19:07 of 1st period - Shot by Kris Versteeg.
19:07 of 1st period - Shot Misses the Net.
19:33 of 1st period - Shot by Kris Versteeg.
19:33 of 1st period - Shot Misses the Net.
19:53 of 1st period - Minor Penalty to Brandon Saad for Holding.
19:54 of 1st period - Ryan Nugent-Hopkins wins face-off versus Pascal Dupuis in Penguins zone.
Goals for this period are 2 for Penguins vs 1 for Sabres.
Shots for this period are 10 for Penguins vs 7 for Sabres.

2nd period


0:01 of 2nd period - Luke Glendening wins face-off versus Kyle Turris in neutral zone.
0:11 of 2nd period - Icing by Kyle Turris.
0:12 of 2nd period - Kyle Turris wins face-off versus Luke Glendening in Sabres zone.
0:12 of 2nd period - Kyle Turris is hit by Luke Glendening.
0:38 of 2nd period - Shot by Kyle Turris.
0:38 of 2nd period - Stopped by Ben Bishop without a rebound.
0:39 of 2nd period - Luke Glendening wins face-off versus Ryan Nugent-Hopkins in Penguins zone.
0:39 of 2nd period - Luke Glendening is hit by Patrick Eaves.
0:51 of 2nd period - Shot by Jason Zucker.
0:51 of 2nd period - Shot Blocked by Ryan Carter.
1:11 of 2nd period - Shot by Ryan Nugent-Hopkins.
1:11 of 2nd period - Stopped by Ben Bishop without a rebound.
1:12 of 2nd period - Kyle Turris wins face-off versus Ryan Callahan in Penguins zone.
2:35 of 2nd period - Off-side.
2:36 of 2nd period - Ryan Nugent-Hopkins wins face-off versus Alexander Wennberg in neutral zone.
3:01 of 2nd period - Shot by Patrick Eaves.
3:01 of 2nd period - Shot Misses the Net.
3:03 of 2nd period - Shot by Jason Zucker.
3:03 of 2nd period - Shot Misses the Net.
3:05 of 2nd period - Shot by Patrick Eaves.
3:05 of 2nd period - Shot Misses the Net.
3:07 of 2nd period - Shot by Jason Zucker.
3:07 of 2nd period - Stopped by Ben Bishop without a rebound.
3:08 of 2nd period - Kyle Turris wins face-off versus Luke Glendening in Penguins zone.
3:31 of 2nd period - Dan Girardi is hit by David Perron and loses puck.
3:51 of 2nd period - Shot by Kyle Turris.
3:51 of 2nd period - Deflect By Anders Lee.
3:51 of 2nd period - Stopped by Ben Bishop without a rebound.
3:52 of 2nd period - Ryan Nugent-Hopkins wins face-off versus William Nylander in Penguins zone.
4:00 of 2nd period - Ryan Nugent-Hopkins is hit by Ryan Suter and loses puck.
4:05 of 2nd period - Shot by Ryan Nugent-Hopkins.
4:05 of 2nd period - Shot Misses the Net.
4:29 of 2nd period - Ryan Suter is hit by Cody Franson and loses puck.
5:04 of 2nd period - Shot by Kris Versteeg.
5:04 of 2nd period - Stopped by Ben Bishop without a rebound.
5:05 of 2nd period - Luke Glendening wins face-off versus Kyle Turris in Penguins zone.
5:26 of 2nd period - Shot by Anders Lee.
5:26 of 2nd period - Shot Misses the Net.
5:28 of 2nd period - Shot by Dan Girardi.
5:28 of 2nd period - Shot Misses the Net.
5:30 of 2nd period - Shot by Rasmus Ristolainen.
5:30 of 2nd period - Shot Misses the Net.
5:38 of 2nd period - Shot by Kyle Turris.
5:38 of 2nd period - Deflect By Nino Niederreiter.
5:38 of 2nd period - Stopped by Ben Bishop with a rebound.
5:40 of 2nd period - Shot by Rasmus Ristolainen.
5:40 of 2nd period - Goal by Rasmus Ristolainen - Penguins : 2 - Sabres : 2.
5:41 of 2nd period - Alexander Wennberg wins face-off versus Zach Hyman in neutral zone.
7:21 of 2nd period - Minor Penalty to Ryan Suter for Roughing.
7:22 of 2nd period - Kyle Turris wins face-off versus Pascal Dupuis in Penguins zone.
7:31 of 2nd period - Shot by Kyle Turris.
7:31 of 2nd period - Stopped by Ben Bishop without a rebound.
7:32 of 2nd period - Luke Glendening wins face-off versus Kyle Turris in Penguins zone.
7:32 of 2nd period - Luke Glendening is hit by Anders Lee.
7:40 of 2nd period - Shot by Dan Girardi.
7:40 of 2nd period - Stopped by Ben Bishop without a rebound.
7:41 of 2nd period - Luke Glendening wins face-off versus Kyle Turris in Penguins zone.
8:49 of 2nd period - Shot by Jason Zucker.
8:49 of 2nd period - Stopped by Ben Bishop without a rebound.
8:50 of 2nd period - Ryan Nugent-Hopkins wins face-off versus Luke Glendening in Penguins zone.
9:05 of 2nd period - Shot by Brian Campbell.
9:05 of 2nd period - Shot Misses the Net.
9:07 of 2nd period - Shot by Cody Franson.
9:07 of 2nd period - Shot Blocked by Victor Hedman.
9:09 of 2nd period - Shot by Jason Zucker.
9:09 of 2nd period - Stopped by Ben Bishop without a rebound.
9:10 of 2nd period - Kyle Turris wins face-off versus Ryan Callahan in Penguins zone.
9:15 of 2nd period - Shot by Anders Lee.
9:15 of 2nd period - Shot Misses the Net.
9:17 of 2nd period - Shot by Rasmus Ristolainen.
9:17 of 2nd period - Shot Misses the Net.
9:45 of 2nd period - Shot by Kris Versteeg.
9:45 of 2nd period - Shot Blocked by Ryan Suter.
10:35 of 2nd period - Shot by Kyle Turris.
10:35 of 2nd period - Stopped by Ben Bishop without a rebound.
10:36 of 2nd period - Luke Glendening wins face-off versus Ryan Nugent-Hopkins in Penguins zone.
10:55 of 2nd period - Shot by David Perron.
10:55 of 2nd period - Stopped by Thomas Greiss without a rebound.
10:56 of 2nd period - William Nylander wins face-off versus Kyle Turris in Sabres zone.
11:29 of 2nd period - Shot by Anders Lee.
11:29 of 2nd period - Shot Misses the Net.
12:35 of 2nd period - Shot by Nathan MacKinnon.
12:35 of 2nd period - Deflect By Phil Kessel.
12:35 of 2nd period - Stopped by Thomas Greiss with a rebound.
12:37 of 2nd period - Shot by Ryan Suter.
12:37 of 2nd period - Stopped by Thomas Greiss with a rebound.
13:09 of 2nd period - Shot by Olli Maatta.
13:09 of 2nd period - Shot Misses the Net.
13:51 of 2nd period - Ryan Callahan is hit by Rasmus Ristolainen and loses puck.
14:00 of 2nd period - Shot by Ryan Callahan.
14:00 of 2nd period - Deflect By Ryan Carter.
14:00 of 2nd period - Shot Misses the Net.
14:02 of 2nd period - Shot by David Savard.
14:02 of 2nd period - Stopped by Thomas Greiss with a rebound.
14:04 of 2nd period - Shot by David Savard.
14:04 of 2nd period - Stopped by Thomas Greiss without a rebound.
14:05 of 2nd period - Zach Hyman wins face-off versus William Nylander in Sabres zone.
14:14 of 2nd period - Shot by Zach Hyman.
14:14 of 2nd period - Shot Blocked by Ryan Suter.
14:22 of 2nd period - Icing by Brett Connolly.
14:23 of 2nd period - Zach Hyman wins face-off versus Alexander Wennberg in Sabres zone.
14:23 of 2nd period - Zach Hyman is hit by Alexander Wennberg.
14:29 of 2nd period - Shot by Brett Connolly.
14:29 of 2nd period - Stopped by Ben Bishop without a rebound.
14:30 of 2nd period - Kyle Turris wins face-off versus Phil Kessel in Penguins zone.
14:45 of 2nd period - Nathan MacKinnon is hit by Anders Lee and loses puck.
14:55 of 2nd period - Off-side.
14:56 of 2nd period - Ryan Nugent-Hopkins wins face-off versus William Nylander in neutral zone.
16:29 of 2nd period - Shot by Nathan MacKinnon.
16:29 of 2nd period - Stopped by Thomas Greiss without a rebound.
16:30 of 2nd period - Luke Glendening wins face-off versus Kyle Turris in Sabres zone.
16:33 of 2nd period - Shot by Oliver Bjorkstrand.
16:33 of 2nd period - Shot Misses the Net.
16:35 of 2nd period - Shot by Oliver Bjorkstrand.
16:35 of 2nd period - Stopped by Thomas Greiss with a rebound.
16:37 of 2nd period - Shot by Mark Barberio.
16:37 of 2nd period - Shot Misses the Net.
16:39 of 2nd period - Shot by Mark Barberio.
16:39 of 2nd period - Stopped by Thomas Greiss with a rebound.
17:07 of 2nd period - Off-side.
17:08 of 2nd period - William Nylander wins face-off versus Bo Horvat in neutral zone.
17:33 of 2nd period - Icing by Thomas Vanek.
17:34 of 2nd period - Alexander Wennberg wins face-off versus Thomas Vanek in Sabres zone.
17:59 of 2nd period - Shot by Thomas Vanek.
17:59 of 2nd period - Shot Misses the Net.
18:11 of 2nd period - Icing by Alexander Wennberg.
18:12 of 2nd period - Kyle Turris wins face-off versus Alexander Wennberg in Penguins zone.
18:12 of 2nd period - Kyle Turris is hit by David Savard.
18:26 of 2nd period - Shot by Nino Niederreiter.
18:26 of 2nd period - Stopped by Ben Bishop with a rebound.
18:42 of 2nd period - Shot by Kyle Turris.
18:42 of 2nd period - Stopped by Ben Bishop with a rebound.
18:44 of 2nd period - Shot by Anders Lee.
18:44 of 2nd period - Stopped by Ben Bishop without a rebound.
18:45 of 2nd period - William Nylander wins face-off versus Ryan Nugent-Hopkins in Penguins zone.
18:52 of 2nd period - Shot by Brandon Saad.
18:52 of 2nd period - Shot Blocked by Rasmus Ristolainen.
19:11 of 2nd period - Rasmus Ristolainen is hit by Victor Hedman and loses puck.
19:20 of 2nd period - Shot by Brandon Saad.
19:20 of 2nd period - Stopped by Thomas Greiss without a rebound.
19:21 of 2nd period - Kyle Turris wins face-off versus Oliver Bjorkstrand in Sabres zone.
19:27 of 2nd period - Off-side.
19:28 of 2nd period - Luke Glendening wins face-off versus Kyle Turris in neutral zone.
19:33 of 2nd period - Shot by Luke Glendening.
19:33 of 2nd period - Stopped by Thomas Greiss without a rebound.
19:34 of 2nd period - Luke Glendening wins face-off versus Kyle Turris in Sabres zone.
Goals for this period are 0 for Penguins vs 1 for Sabres.
Shots for this period are 10 for Penguins vs 16 for Sabres.

3rd period


0:01 of 3rd period - Kyle Turris wins face-off versus Alexander Wennberg in neutral zone.
0:18 of 3rd period - Shot by Nino Niederreiter.
0:18 of 3rd period - Shot Blocked by Victor Hedman.
0:33 of 3rd period - Shot by Nino Niederreiter.
0:33 of 3rd period - Shot Misses the Net.
0:40 of 3rd period - Minor Penalty to Rasmus Ristolainen for Slashing.
0:41 of 3rd period - Kyle Turris wins face-off versus William Nylander in Sabres zone.
0:41 of 3rd period - Kyle Turris is hit by William Nylander.
1:57 of 3rd period - Shot by Ryan Nugent-Hopkins.
1:57 of 3rd period - Stopped by Ben Bishop without a rebound.
1:58 of 3rd period - Bo Horvat wins face-off versus Alexander Wennberg in Penguins zone.
2:51 of 3rd period - Shot by David Perron.
2:51 of 3rd period - Shot Misses the Net.
3:11 of 3rd period - Shot by Oliver Bjorkstrand.
3:11 of 3rd period - Shot Blocked by Jake McCabe.
3:13 of 3rd period - Shot by Oliver Bjorkstrand.
3:13 of 3rd period - Shot Blocked by Brett Connolly.
3:17 of 3rd period - Shot by David Perron.
3:17 of 3rd period - Stopped by Thomas Greiss without a rebound.
3:18 of 3rd period - Bo Horvat wins face-off versus William Nylander in Sabres zone.
3:27 of 3rd period - Shot by William Nylander.
3:27 of 3rd period - Shot Misses the Net.
5:18 of 3rd period - Shot by Ryan Nugent-Hopkins.
5:18 of 3rd period - Stopped by Ben Bishop without a rebound.
5:19 of 3rd period - Zach Hyman wins face-off versus Pascal Dupuis in Penguins zone.
5:58 of 3rd period - Shot by Ryan Carter.
5:58 of 3rd period - Shot Hit the Post.
6:22 of 3rd period - Shot by Patrick Eaves.
6:22 of 3rd period - Shot Blocked by David Savard.
7:30 of 3rd period - Shot by Kyle Turris.
7:30 of 3rd period - Shot Blocked by Victor Hedman.
7:32 of 3rd period - Shot by Anders Lee.
7:32 of 3rd period - Stopped by Ben Bishop without a rebound.
7:33 of 3rd period - Alexander Wennberg wins face-off versus Bo Horvat in Penguins zone.
7:43 of 3rd period - Shot by Thomas Vanek.
7:43 of 3rd period - Shot Blocked by Mark Barberio.
7:56 of 3rd period - Shot by Bo Horvat.
7:56 of 3rd period - Stopped by Ben Bishop without a rebound.
7:57 of 3rd period - Kyle Turris wins face-off versus William Nylander in Penguins zone.
8:03 of 3rd period - Icing by Ryan Suter.
8:04 of 3rd period - Kyle Turris wins face-off versus William Nylander in Penguins zone.
8:45 of 3rd period - Shot by William Nylander.
8:45 of 3rd period - Stopped by Thomas Greiss with a rebound.
9:22 of 3rd period - Shot by Nathan MacKinnon.
9:22 of 3rd period - Shot Misses the Net.
9:36 of 3rd period - Shot by Alexander Wennberg.
9:36 of 3rd period - Shot Hit the Post.
9:38 of 3rd period - Shot by Nathan MacKinnon.
9:38 of 3rd period - Shot Misses the Net.
9:50 of 3rd period - Shot by Luke Glendening.
9:50 of 3rd period - Shot Misses the Net.
9:52 of 3rd period - Shot by Oliver Bjorkstrand.
9:52 of 3rd period - Stopped by Thomas Greiss without a rebound.
9:53 of 3rd period - Ryan Nugent-Hopkins wins face-off versus Pascal Dupuis in Sabres zone.
10:01 of 3rd period - Dan Girardi is hit by Ryan Callahan and loses puck.
10:41 of 3rd period - Icing by Dan Girardi.
10:42 of 3rd period - Ryan Nugent-Hopkins wins face-off versus William Nylander in Sabres zone.
10:54 of 3rd period - Icing by Victor Hedman.
10:55 of 3rd period - Jakub Voracek wins face-off versus Bo Horvat in Penguins zone.
11:50 of 3rd period - Icing by Ryan Suter.
11:51 of 3rd period - Zach Hyman wins face-off versus Brandon Saad in Penguins zone.
11:58 of 3rd period - Shot by Zach Hyman.
11:58 of 3rd period - Shot Misses the Net.
12:20 of 3rd period - Shot by Phil Kessel.
12:20 of 3rd period - Shot Misses the Net.
12:26 of 3rd period - Shot by Alexander Wennberg.
12:26 of 3rd period - Shot Misses the Net.
12:30 of 3rd period - Shot by Nathan MacKinnon.
12:30 of 3rd period - Shot Hit the Post.
12:32 of 3rd period - Shot by Alexander Wennberg.
12:32 of 3rd period - Shot Misses the Net.
12:34 of 3rd period - Shot by Alexander Wennberg.
12:34 of 3rd period - Stopped by Thomas Greiss without a rebound.
12:35 of 3rd period - Luke Glendening wins face-off versus Kyle Turris in Sabres zone.
12:35 of 3rd period - Oliver Bjorkstrand is hit by Cody Franson and loses puck.
12:39 of 3rd period - Icing by Brian Campbell.
12:40 of 3rd period - Luke Glendening wins face-off versus Kyle Turris in Sabres zone.
12:42 of 3rd period - David Perron is hit by Cody Franson and loses puck.
13:45 of 3rd period - Off-side.
13:46 of 3rd period - Bo Horvat wins face-off versus Alexander Wennberg in neutral zone.
14:05 of 3rd period - Shot by Bo Horvat.
14:05 of 3rd period - Goal by Bo Horvat - Penguins : 2 - Sabres : 3.
14:06 of 3rd period - William Nylander wins face-off versus Ryan Nugent-Hopkins in neutral zone.
14:52 of 3rd period - Icing by David Savard.
14:53 of 3rd period - William Nylander wins face-off versus Kyle Turris in Penguins zone.
14:53 of 3rd period - William Nylander is hit by Nino Niederreiter.
15:25 of 3rd period - Icing by Victor Hedman.
15:26 of 3rd period - Bo Horvat wins face-off versus Alexander Wennberg in Penguins zone.
17:40 of 3rd period - Icing by Ryan Nugent-Hopkins.
17:41 of 3rd period - Luke Glendening wins face-off versus Patrick Eaves in Sabres zone.
17:49 of 3rd period - Minor Penalty to Olli Maatta for Interference.
17:50 of 3rd period - Luke Glendening wins face-off versus Kyle Turris in Penguins zone.
19:41 of 3rd period - Shot by Kyle Turris.
19:41 of 3rd period - Shot Blocked by Victor Hedman.
19:43 of 3rd period - Shot by Rasmus Ristolainen.
19:43 of 3rd period - Stopped by Ben Bishop without a rebound.
19:44 of 3rd period - Kyle Turris wins face-off versus Ryan Callahan in Penguins zone.
Goals for this period are 0 for Penguins vs 1 for Sabres.
Shots for this period are 4 for Penguins vs 6 for Sabres.